[Event "***Titled Tuesday 3|2 Blitz"]
[Site "Chess.com"]
[Date "2017.02.07"]
[Round "4"]
[White "MFBerna"]
[Black "Gergo85"]
[Result "0-1"]
[WhiteElo "2250"]
[BlackElo "2415"]
[TimeControl "180+2"]
[EndTime "13:58:16 PST"]
[Termination "Gergo85 won by resignation"]

1. e4 c6 2. d4 d5 3. e5 c5 4. dxc5 Nc6 5. f3 Nxe5 6. Bb5+ Nc6 7. Ne2 Nf6 8. c4 e6 9. Be3 a6 10. Ba4 Qa5+ 11. Nbc3 Bxc5 12. Qd2 Bxe3 13. Qxe3 O-O 14. O-O dxc4 15. Bxc6 bxc6 16. Kh1 e5 17. Ne4 Nxe4 18. fxe4 Rb8 19. Ng3 Rxb2 20. Nh5 Qd2 21. Qg3 Qh6 22.
Qxe5 Rb5 23. Qxg7+ Qxg7 24. Nxg7 Kxg7 25. Rac1 Be6 0-1

[Event "***Titled Tuesday 3|2 Blitz"]
[Site "Chess.com"]
[Date "2017.02.07"]
[Round "4"]
[White "Paralinch"]
[Black "Jospem"]
[Result "1-0"]
[WhiteElo "2625"]
[BlackElo "2511"]
[TimeControl "180+2"]
[EndTime "13:58:17 PST"]
[Termination "Paralinch won by resignation"]

1. e4 c5 2. Nf3 d6 3. d4 cxd4 4.
Nxd4 Nf6 5. Nc3 a6 6. Be3 e5 7. Nf3 Be7 8. Bc4 O-O 9. O-O Be6 10. Bb3 Nc6 11. Qe2 Nd7 12. Rfd1 Rc8 13. Nd5 Na5 14. c3 Nxb3 15. axb3 Bxd5 16. Rxd5 Nf6 17. Rdd1 Qe8 18. Bg5 Nh5 19. g3 f6 20. Be3 Qf7 21. Nd2 f5 22. exf5 Qxf5 23. Nc4 Rcd8 24. Nb6 Qg6 25. Nd5 Bg5 26. Bxg5 Qxg5 27. h4 Qh6 28. Rd2 Kh8 29. Rad1 Qg6 30. Ne7 Qe6 31. Nd5 Nf6 32. c4 Nxd5 33.
Rxd5 b6 34. Qe3 b5 35. c5 Qg4 36. cxd6 Rf3 37. Qxe5 Rdf8 38. d7 Rxf2 39. d8=Q 1-0

[Event "***Titled Tuesday 3|2 Blitz"]
[Site "Chess.com"]
[Date "2017.02.07"]
[Round "4"]
[White "Blitzstream"]
[Black "martinique24"]
[Result "0-1"]
[WhiteElo "2437"]
[BlackElo "2330"]
[TimeControl "180+2"]
[EndTime "13:58:21 PST"]
[Termination "martinique24 won by checkmate"]

1. d4 Nf6 2. g4 Nxg4 3. e4 d5 4.
e5 g6 5. Bf4 Bg7 6. Bb5+ c6 7.
Bd3 Qb6 8. Ne2 O-O 9. Nbc3 f6 10. exf6 Bxf6 11. h3 Bxd4 12. hxg4 Bxf2+ 13. Kf1 Bxg4 14. Qd2 Be3 15. Qe1 Bxf4 16. Nxf4 Rxf4+ 17. Kg2 Bf3+ 18. Kg3 Bxh1 19. Kxf4 e5+ 20. Qxe5 Qf2+ 21. Kg5 Qg2+ 22. Kh4 Nd7 23. Qe6+ Kh8 24. Qxd7 Qf2+ 25. Kg5 Qe3+ 26. Kh4 Rf8 27. Ne2 Qh6+ 28. Kg3 Rf3+ 29. Kg4 Qh5# 0-1

[Event "***Titled Tuesday 3|2 Blitz"]
[Site "Chess.com"]
[Date "2017.02.07"]
[Round "4"]
[White "Cryptochess"]
[Black "Angry_Serb"]
[Result "0-1"]
[WhiteElo "2401"]
[BlackElo "2419"]
[TimeControl "180+2"]
[EndTime "13:58:22 PST"]
[Termination "Angry_Serb won by resignation"]

1. e4 e5 2. Nf3 d6 3. d4 exd4 4. Nxd4 Nf6 5. Nc3 Be7 6. Be2 O-O 7.
Be3 Re8 8. O-O Bf8 9. f3 d5 10. Bg5 c5 11. Nb3 d4 12. Nd5 Nbd7 13. c3 dxc3 14.
Nxc3 h6 15. Bh4 b6 16. Bc4 Bb7 17. Nd5 g5 18. Bg3 Nxd5 19. Bxd5 Bxd5 20. Qxd5 Nf6 21. Qf5 Bg7 22. Rfd1 Qc8 23. Qxc8 Raxc8 24. Nd2 c4 25. Rac1 b5 26. a4 a6 27. axb5 axb5 28. Bd6 Nd7 29. Rc2 Rc6 30. Bb4 Ne5 31. Bc3 Rd8 32. Ra1 Nd3 33.
Bxg7 Kxg7 34. Ra5 Nb4 35. Rc1 Rxd2 36. Rxb5 Nd3 37. Rc3 Nxb2 38. h4 gxh4 39. Kh2 Nd1 40. Rc1 c3 41. Kh3 c2 42. e5 Nc3 0-1

[Event "***Titled Tuesday 3|2 Blitz"]
[Site "Chess.com"]
[Date "2017.02.07"]
[Round "4"]
[White "DrVelja"]
[Black "jcibarra"]
[Result "0-1"]
[WhiteElo "2514"]
[BlackElo "2629"]
[TimeControl "180+2"]
[EndTime "13:58:24 PST"]
[Termination "jcibarra won by resignation"]

1. e4 c5 2. Nf3 d6 3. d4 cxd4 4.
Nxd4 Nf6 5. Nc3 a6 6. Bc4 e6 7. Bb3 Nbd7 8. Bg5 Nc5 9. O-O Be7 10. Re1 Qc7 11. f4 h6 12. Bh4 g5 13. fxg5 hxg5 14.
Bxg5 d5 15. e5 Nfe4 16. Bxe7 Qxe7 17. Nxe4 Nxe4 18. Qg4 Bd7 19. c4 O-O-O 20. Rac1 Kb8 21. cxd5 exd5 22. Qf4 Be6 23. Nf3 Rdg8 24. Rc2 Rg4 25. Qe3 Rhg8 26. Rec1 Ng5 27. Nxg5 R4xg5 28. g3 Rg4 29.
Rc7 Qb4 30. Bd1 Re4 31. Qc3 Qb6+ 32. Kg2 Re3 33. Qc2 Re1 34. Bf3 0-1

[Event "***Titled Tuesday 3|2 Blitz"]
[Site "Chess.com"]
[Date "2017.02.07"]
[Round "4"]
[White "Tesla37"]
[Black "DryCounty"]
[Result "1/2-1/2"]
[WhiteElo "2588"]
[BlackElo "2401"]
[TimeControl "180+2"]
[EndTime "13:58:31 PST"]
[Termination "Game drawn - insufficient material"]

1. e4 c5 2. Nf3 d6 3. d4 cxd4 4.
Nxd4 Nf6 5. Nc3 Nc6 6. Bg5 e6 7. Qd2 Be7 8. O-O-O O-O 9. h4 a6 10. f3 Nxd4 11. Qxd4 b5 12. g4 Qc7 13. Bd3 Bb7 14.
Kb1 b4 15. Qxb4 d5 16. Qd4 Bc5 17. Bf4 Bxd4 18. Bxc7 Bxc3 19. bxc3 dxe4 20. fxe4 Nxe4 21. Bxe4 Bxe4 22. Rhe1 Bd5 23. Rd4 Rfc8 24. Ba5 f6 25.
g5 Kf7 26. a3 Rab8+ 27. Rb4 Rb7 28. Kb2 Rc4 29. Rf1 Rxh4 30. gxf6 gxf6 31. Rxf6+ Kxf6 32. Bd8+ Kf5 33. Bxh4 h5 34. c4 Rxb4+ 35. axb4 Bxc4 36. Kc3 Bd5 37. Kd4 Kg4 38. Bf6 h4 39. c4 Bb7 40. b5 axb5 41. cxb5 h3 42. Be5 Kf3 43. Kc5 Kg2 44. Kd6 Bd5 45. b6 h2 46.
Bxh2 Kxh2 47. b7 Bxb7 48. Kxe6 1/2-1/2

[Event "***Titled Tuesday 3|2 Blitz"]
[Site "Chess.com"]
[Date "2017.02.07"]
[Round "4"]
[White "GM_dmitrij"]
[Black "Sanan_Sjugirov"]
[Result "0-1"]
[WhiteElo "2480"]
[BlackElo "2653"]
[TimeControl "180+2"]
[EndTime "13:58:34 PST"]
[Termination "Sanan_Sjugirov won by resignation"]

1. e4 c5 2. Nf3 d6 3. d4 cxd4 4.
Nxd4 Nf6 5. Nc3 a6 6. Bg5 e6 7.
f4 h6 8. Bh4 Be7 9. Qf3 Nbd7 10. O-O-O g5 11. fxg5 hxg5 12. Bxg5 Ne5 13. Qe2 Nxe4 14.
Nxe4 Bxg5+ 15. Kb1 Be7 16. Nf3 Qc7 17. Nxe5 dxe5 18.
g4 Bd7 19. Bg2 O-O-O 20. g5 Rh4 21. Rd3 Bb5 22. Rxd8+ Qxd8 23. Qf2 Rf4 24. Qa7 Bc6 25. Re1 Qd4 26. Qxd4 exd4 27. a3 Bxg5 28. Nxg5 Bxg2 29. h4 Rxh4 30. Nxf7 Bd5 31. b3 Kc7 32. Re2 Rf4 33. Ne5 Kd6 34. Kb2 Rf5 35. Nd3 e5 36. c4 dxc3+ 37.
Kxc3 Rf3 38. Kc2 Bxb3+ 39. Kd2 Bc4 0-1

[Event "***Titled Tuesday 3|2 Blitz"]
[Site "Chess.com"]
[Date "2017.02.07"]
[Round "4"]
[White "VishnuPrasanna"]
[Black "oggy1984"]
[Result "0-1"]
[WhiteElo "2461"]
[BlackElo "2339"]
[TimeControl "180+2"]
[EndTime "13:58:36 PST"]
[Termination "oggy1984 won by resignation"]

1. d4 Nf6 2. Nf3 e6 3. g3 b6 4. c4 Ba6 5. Nbd2 d5 6. Qa4+ c6 7. cxd5 exd5 8. Qc2 Bd6 9. Ne5 O-O 10. Ndf3 c5 11. Bg5 cxd4 12. O-O-O h6 13. Bh4 Bxe5 14. Nxe5 g5 15. Kb1 Nbd7 16. Nc6 Qe8 17. Nxd4 Qe4 18. Bh3 Qxc2+ 19. Kxc2 gxh4 20. f3 Rac8+ 21. Kd2 Rc7 22. Rhg1 hxg3 23. Rxg3+ Kh8 24. Nf5 Ne5 25. Nxh6 Nc4+ 26.
Ke1 Nxb2 27. Rd4 Rc4 28. Rd2 Rc1+ 29. Kf2 Nd1+ 30. Kg2 Ne3+ 31. Kf2 Nd1+ 32. Rxd1 Rxd1 33. Bf5 Rd2 34. Rh3 Rxe2+ 35. Kg3 Rg8+ 36. Kf4 Kg7 37. Nxg8 Nxg8 38. Rg3+ Kf8 39. h4 Ne7 40. Bh7 d4 41. h5 d3 42. h6 d2 0-1

[Event "***Titled Tuesday 3|2 Blitz"]
[Site "Chess.com"]
[Date "2017.02.07"]
[Round "4"]
[White "Vamostodorecto"]
[Black "aa175"]
[Result "1-0"]
[WhiteElo "2310"]
[BlackElo "1914"]
[TimeControl "180+2"]
[EndTime "13:58:39 PST"]
[Termination "Vamostodorecto won by checkmate"]

1. d4 d5 2. c4 dxc4 3. Nf3 c6 4.
e3 b5 5. a4 a6 6. b3 cxb3 7.
axb5 Bg4 8. bxa6 Qb6 9. Bb2 Nf6 10. Bc4 e6 11. Nbd2 Nxa6 12. Qxb3 Bb4 13. Bc3 Nd5 14.
Bxd5 exd5 15. Bxb4 Rb8 16. Rxa6 Qxa6 17. Qa3 Qxa3 18.
Bxa3 Bxf3 19. gxf3 Ra8 20. Bc1 Ra1 21. O-O Kd7 22. Nb3 Rb1 23. Nc5+ Kc7 24. e4 dxe4 25. Bf4+ Kd8 26. Rxb1 Ke7 27. fxe4 Kf6 28. Be5+ Kg6 29.
Rb6 f6 30. Rxc6 Ra8 31. Bg3 Ra1+ 32. Kg2 Rd1 33. d5 Rd2 34. Ne6 Rd1 35. Nf4+ Kh6 36. Ne6 Kg6 37. Rc7 Kh6 38. Rxg7 Rd2 39. Bf4+ Kh5 40.
Bxd2 Kh4 41. Rxh7+ Kg4 42. f3# 1-0

[Event "***Titled Tuesday 3|2 Blitz"]
[Site "Chess.com"]
[Date "2017.02.07"]
[Round "4"]
[White "EmeseBalogh"]
[Black "scenicregal"]
[Result "1/2-1/2"]
[WhiteElo "2000"]
[BlackElo "1844"]
[TimeControl "180+2"]
[EndTime "13:58:39 PST"]
[Termination "Game drawn by agreement"]

1. e4 c5 2. Nc3 e6 3. g3 Nc6 4. Bg2 d6 5. Nge2 Be7 6. O-O Nf6 7. d3 O-O 8. h3 d5 9. exd5 Nxd5 10.
Nxd5 exd5 11. d4 Be6 12. c3 Rc8 13. Nf4 cxd4 14. cxd4 Bf6 15. Nxe6 fxe6 16. Be3 Qb6 17. b3 Nxd4 18. Qg4 Qb4 19. Bxd4 Bxd4 20. Qxe6+ Kh8 21. Rad1 Rc2 22. Bxd5 Rcxf2 23. Rxf2 Bxf2+ 24. Kh1 Bxg3 25. Bc4 Qc3 26. Bd3 Qb2 27. Be2 Qe5 28. Qxe5 Bxe5 29. Kg2 g6 30. Bf3 Rf7 31. Rd8+ 1/2-1/2

[Event "***Titled Tuesday 3|2 Blitz"]
[Site "Chess.com"]
[Date "2017.02.07"]
[Round "4"]
[White "Saitama_Hero"]
[Black "AndrewDGreen"]
[Result "0-1"]
[WhiteElo "2048"]
[BlackElo "2156"]
[TimeControl "180+2"]
[EndTime "13:58:40 PST"]
[Termination "AndrewDGreen won by resignation"]

1. Nf3 Nf6 2. g3 b6 3. Bg2 Bb7 4. O-O g6 5. c4 Bg7 6. d4 O-O 7. Nc3 Ne4 8. Nd5 e6 9. Nf4 f5 10. h4 Qf6 11. b3 h6 12. Bb2 d6 13. Rb1 Qf7 14. Nd2 d5 15. cxd5 exd5 16. Nf3 Nd7 17. Rc1 Rac8 18. b4 c5 19. bxc5 bxc5 20. Qb3 Bc6 21.
dxc5 Rb8 22. Bxg7 Rxb3 23. axb3 Kxg7 24. Nd4 Rc8 25. b4 a6 26. Rfd1 Ne5 27. Nxc6 Nxc6 28.
Nxd5 Rd8 29. e3 Rxd5 30. Rxd5 Qxd5 31. Ra1 Nxb4 32. Ra5 Qd2 33. Ra4 Qxf2+ 34. Kh1 Nxg3+ 35. Kh2 Nf1+ 36. Kh1 Nxe3 0-1

[Event "***Titled Tuesday 3|2 Blitz"]
[Site "Chess.com"]
[Date "2017.02.07"]
[Round "4"]
[White "GMHess"]
[Black "Aygehovit1992"]
[Result "1-0"]
[WhiteElo "2586"]
[BlackElo "2443"]
[TimeControl "180+2"]
[EndTime "13:58:43 PST"]
[Termination "GMHess won on time"]

1. c4 g6 2. Nc3 Bg7 3. d4 Nf6 4.
e4 d6 5. Nf3 O-O 6. Be2 Na6 7.
O-O c5 8. d5 Nc7 9. h3 a6 10. a4 b6 11. Bf4 Nd7 12. Qd2 Rb8 13.
Bh6 Ne5 14. Nxe5 dxe5 15. Bxg7 Kxg7 16. Bg4 Bxg4 17. hxg4 Qd6 18. Ra3 Ne8 19. Nd1 Qf6 20. Rf3 Qd6 21. Rh3 Rh8 22. Qh6+ Kg8 23. Ne3 Qf6 24. Rf3 Qg7 25. Qh4 Rb7 26. Rg3 Nd6 27. Nf5 Nxf5 28. gxf5 Qf6 29. Qh6 Rd7 30. Ra1 Rd6 31.
Raa3 Qg7 32. Qe3 h5 33. a5 1-0

[Event "***Titled Tuesday 3|2 Blitz"]
[Site "Chess.com"]
[Date "2017.02.07"]
[Round "4"]
[White "Noukii"]
[Black "IMJonathanCarlstedt"]
[Result "1-0"]
[WhiteElo "2618"]
[BlackElo "2414"]
[TimeControl "180+2"]
[EndTime "13:58:48 PST"]
[Termination "Noukii won by resignation"]

1. d4 d5 2. Nf3 e6 3. c4 c5 4. cxd5 exd5 5. g3 Nf6 6. Bg2 Be7 7.
O-O O-O 8. Nc3 Nc6 9. Bg5 c4 10. Ne5 Be6 11. b3 Qa5 12. Nxc6 bxc6 13. Rc1 Rad8 14. Qd2 h6 15. Bxf6 Bxf6 16. Rfd1 c5 17. Nxd5 Qxd2 18. Nxf6+ gxf6 19. Rxd2 cxb3 20. d5 bxa2 21.
e4 Bc8 22. Rxa2 f5 23. e5 a6 24. Rxc5 Bb7 25. Rb2 Rd7 26. h4 Rfd8 27. e6 fxe6 28.
dxe6 Rd1+ 29. Kh2 Bxg2 30. Kxg2 R8d6 31. Re2 Rd8 32. Rxf5 Ra1 33. Re4 a5 34. Rg4+ Kh8 35. e7 1-0

[Event "***Titled Tuesday 3|2 Blitz"]
[Site "Chess.com"]
[Date "2017.02.07"]
[Round "4"]
[White "wnstop"]
[Black "pKiLz5Rn9b"]
[Result "0-1"]
[WhiteElo "2416"]
[BlackElo "2586"]
[TimeControl "180+2"]
[EndTime "13:58:52 PST"]
[Termination "pKiLz5Rn9b won by resignation"]

1. e4 e6 2. d4 d5 3. Nd2 dxe4 4.
Nxe4 Nd7 5. Nf3 Ngf6 6. Nxf6+ Nxf6 7. Bd3 c5 8. dxc5 Bxc5 9. Bg5 Qa5+ 10. c3 Qb6 11. Qe2 h6 12. Bxf6 gxf6 13. Bb5+ Ke7 14. O-O a6 15. Ba4 Qc7 16. Bb3 Rg8 17. Rfe1 Bd7 18.
Qe4 Kf8 19. Qh7 Qf4 20. Re4 Qf5 21. Qxh6+ Ke7 22. Rf4 Qg6 23. Qxg6 Rxg6 24. g3 Rh8 25. Nh4 Rg5 26. Nf3 Rg6 27. Bc2 Rg7 28. Be4 b6 29.
Rh4 Rd8 30. Rd1 Rgg8 31. Rh7 Bb5 32. Rxd8 Rxd8 33. Nd4 Bxd4 34. cxd4 Rxd4 35. Bg6 Be8 36. h4 f5 37. h5 Kf6 38. Rh8 Rd8 39. h6 Kxg6 40.
h7 Kg7 0-1

[Event "***Titled Tuesday 3|2 Blitz"]
[Site "Chess.com"]
[Date "2017.02.07"]
[Round "4"]
[White "JSMastropiero"]
[Black "ChristopherYoo"]
[Result "0-1"]
[WhiteElo "2144"]
[BlackElo "2097"]
[TimeControl "180+2"]
[EndTime "13:58:58 PST"]
[Termination "ChristopherYoo won by resignation"]

1. d4 Nf6 2. c4 g6 3. Nc3 d5 4. Bf4 Bg7 5. e3 c5 6. dxc5 Qa5 7.
Rc1 Ne4 8. cxd5 Nxc3 9. Qd2 Qxc5 10. bxc3 O-O 11. Nf3 Bf5 12. Be2 Nd7 13. O-O Nf6 14. c4 Ne4 15. Qd1 Bb2 16. Bh6 Bxc1 17. Bxf8 Bxe3 18.
Bh6 Bxh6 19. Nh4 Bd7 20. Bd3 Nxf2 21. Rxf2 Be3 22. Qf3 Bxf2+ 23. Qxf2 Rc8 24. Nf3 b5 25. cxb5 Qxd5 26. Qe3 Bxb5 27. Bxb5 Qxb5 28. Qxe7 Qc5+ 29. Qxc5 Rxc5 30. Kf2 Ra5 0-1

[Event "***Titled Tuesday 3|2 Blitz"]
[Site "Chess.com"]
[Date "2017.02.07"]
[Round "4"]
[White "Vrolijk"]
[Black "salomez"]
[Result "1-0"]
[WhiteElo "2300"]
[BlackElo "2141"]
[TimeControl "180+2"]
[EndTime "13:59:04 PST"]
[Termination "Vrolijk won by checkmate"]

1. e4 e5 2. Nf3 Nc6 3. Bb5 a6 4.
Ba4 Nf6 5. d3 b5 6. Bb3 Be7 7. Nc3 O-O 8. Bg5 d6 9. h3 Be6 10. Bxf6 Bxf6 11. Bd5 Qd7 12. a3 Rab8 13. O-O Ne7 14. Nh2 c6 15. Bxe6 fxe6 16. Ne2 d5 17.
Ng4 c5 18. Ng3 Qc7 19. Re1 Ng6 20. Rc1 Bg5 21. Rb1 Bh4 22. Nh5 c4 23. g3 Bg5 24. h4 Be7 25. exd5 exd5 26. dxc4 dxc4 27. Qd5+ Kh8 28. Nxe5 Nxe5 29. Qxe5 Qxe5 30. Rxe5 Bd6 31. Re6 Bc5 32. Nf4 Rbd8 33. Re2 Rfe8 34. Rbe1 Rxe2 35.
Rxe2 Kg8 36. Kg2 Kf7 37. Ne6 Rd5 38. Ng5+ Kg6 39. Re6+ Kf5 40. Kf3 h6 41. g4# 1-0

[Event "***Titled Tuesday 3|2 Blitz"]
[Site "Chess.com"]
[Date "2017.02.07"]
[Round "4"]
[White "AlexanderL"]
[Black "Sebastian"]
[Result "1/2-1/2"]
[WhiteElo "2600"]
[BlackElo "2681"]
[TimeControl "180+2"]
[EndTime "13:59:05 PST"]
[Termination "Game drawn by repetition"]

1. d4 d5 2. c4 dxc4 3. e3 Nf6 4.
Bxc4 e6 5. Nf3 a6 6. O-O c5 7.
Qe2 b5 8. Bd3 cxd4 9. exd4 Be7 10. a4 bxa4 11. Nc3 O-O 12. Nxa4 Nc6 13. Rd1 Nb4 14.
Bb1 Bb7 15. Nc5 Bd5 16. Ne5 Qc7 17. Bg5 Nc6 18. Ra3 Nxd4 19. Rxd4 Qxc5 20. Rh4 g6 21.
Rc3 Qa5 22. Ra3 Bxa3 23. Bxf6 Rfc8 24. h3 Rc1+ 25. Kh2 Qe1 26. Rxh7 Qh1+ 27. Kg3 Qxg2+ 28. Kh4 g5+ 29. Bxg5 Rh1 30. Rh8+ Kg7 31. Rh7+ Kg8 32. Rh8+ Kg7 33. Rh7+ Kg8 34. Rh8+ Kg7 1/2-1/2

[Event "***Titled Tuesday 3|2 Blitz"]
[Site "Chess.com"]
[Date "2017.02.07"]
[Round "4"]
[White "platy3"]
[Black "Hamisandwich"]
[Result "0-1"]
[WhiteElo "2579"]
[BlackElo "2427"]
[TimeControl "180+2"]
[EndTime "13:59:06 PST"]
[Termination "Hamisandwich won on time"]

1. e4 d6 2. d4 Nf6 3. Nc3 e5 4.
Nf3 Nbd7 5. g4 g6 6. g5 Nh5 7. Be3 Bg7 8. Qd2 O-O 9. O-O-O c6 10. Bc4 b5 11. Bb3 a5 12. a4 b4 13. Ne2 Bb7 14.
Ng3 exd4 15. Nxd4 Ne5 16. Nxh5 gxh5 17. Nf5 c5 18. Qxd6 c4 19. Nxg7 Qxd6 20. Rxd6 cxb3 21.
Nxh5 Rfc8 22. Nf6+ Kg7 23. Bd4 Rxc2+ 24. Kb1 Nf3 25. Be3 Rac8 26. Rhd1 Ne5 27. Rd8 Nc4 28. Nh5+ Kg6 29. Nf4+ Kxg5 30. h4+ Kg4 31. Nd3 Bxe4 0-1

[Event "***Titled Tuesday 3|2 Blitz"]
[Site "Chess.com"]
[Date "2017.02.07"]
[Round "4"]
[White "E-Shaposhnikov"]
[Black "TomsKantans"]
[Result "1-0"]
[WhiteElo "2752"]
[BlackElo "2517"]
[TimeControl "180+2"]
[EndTime "13:59:07 PST"]
[Termination "E-Shaposhnikov won on time"]

1. Nf3 Nf6 2. c4 c5 3. Nc3 Nc6 4. g3 g6 5. Bg2 Bg7 6. O-O O-O 7. d4 d5 8. dxc5 dxc4 9. Qa4 Qa5 10. Qxa5 Nxa5 11.
Be3 Rd8 12. Rfd1 Bd7 13. Ne5 Be8 14. Rac1 Rxd1+ 15. Rxd1 Rc8 16. h3 e6 17. f4 Bf8 18.
c6 Nxc6 19. Nxc4 b6 20. Nd6 Bxd6 21. Rxd6 Na5 22. Rd1 Kf8 23. Bd4 Nd7 24. Nb5 a6 25.
Nd6 Rc2 26. Kf2 Nc6 27. Bc3 Ne7 28. Be4 Rxc3 29. bxc3 Nc5 30. Bf3 Ba4 31. Rd2 Nc6 32. Nc4 Bb5 33. Nxb6 Ne7 34. g4 h6 35. h4 1-0

[Event "***Titled Tuesday 3|2 Blitz"]
[Site "Chess.com"]
[Date "2017.02.07"]
[Round "4"]
[White "Entilza"]
[Black "coalescenet"]
[Result "0-1"]
[WhiteElo "2162"]
[BlackElo "2314"]
[TimeControl "180+2"]
[EndTime "13:59:09 PST"]
[Termination "coalescenet won by resignation"]

1. d4 Nf6 2. c4 e6 3. Nc3 Bb4 4.
e3 O-O 5. Bd3 d5 6. Ne2 dxc4 7.
Bxc4 c5 8. a3 Bxc3+ 9. bxc3 Nbd7 10. O-O a5 11. f3 b6 12. e4 Ba6 13. Bxa6 Rxa6 14. Bg5 Qa8 15. e5 Nd5 16. c4 Nc7 17.
dxc5 Nxc5 18. Be7 Re8 19. Bd6 Rd8 20. Qe1 Ne8 21. Bxc5 bxc5 22. Nc3 Rb6 23. Ne4 Qc6 24. Qxa5 Ra8 25. Qe1 Rba6 26. Qg3 Rxa3 27. Rxa3 Rxa3 28. Nf6+ Kf8 29. Nxh7+ Ke7 30. Qg5+ f6 31. exf6+ gxf6 32.
Qg8 Ra7 33. Rd1 Rd7 34. Qf8+ Kd8 35. Rxd7+ Qxd7 36. Qh6 Qd4+ 37. Kf1 Qxc4+ 38. Kf2 Qd4+ 39. Kg3 c4 40. Nf8 Qd6+ 41. f4 c3 42. Ng6 c2 0-1

[Event "***Titled Tuesday 3|2 Blitz"]
[Site "Chess.com"]
[Date "2017.02.07"]
[Round "4"]
[White "Zhigalko_Sergei"]
[Black "proxy6"]
[Result "1-0"]
[WhiteElo "2687"]
[BlackElo "2096"]
[TimeControl "180+2"]
[EndTime "13:59:12 PST"]
[Termination "Zhigalko_Sergei won by resignation"]

1. e4 e5 2. Nf3 Nc6 3. Bb5 a6 4.
Ba4 Nf6 5. O-O Be7 6. Re1 b5 7.
Bb3 d6 8. c3 O-O 9. h3 Nb8 10. d4 Nbd7 11. Nbd2 Bb7 12. Bc2 Re8 13. Nf1 Bf8 14. Bg5 h6 15. Bh4 g6 16. a4 c6 17.
dxe5 dxe5 18. N3h2 Qc7 19. Qf3 Bg7 20. Ne3 c5 21. c4 Bc6 22. cxb5 axb5 23. axb5 Bxb5 24. Nhg4 Nxg4 25. Nd5 Qc6 26. hxg4 g5 27. Bg3 Rxa1 28. Rxa1 Bc4 29. Ra7 Bxd5 30. exd5 Qd6 31. Qf5 Nf6 32.
Bb3 Qb6 33. Ra3 Qd6 34. Bc4 Qd7 35. f3 Qxf5 36. gxf5 Rd8 37. Bxe5 Nxd5 38. Bxg7 Kxg7 39. Rd3 Rb8 40. Rxd5 Rxb2 41. Rxc5 1-0

[Event "***Titled Tuesday 3|2 Blitz"]
[Site "Chess.com"]
[Date "2017.02.07"]
[Round "4"]
[White "Grebeniuk-S"]
[Black "GMBenjaminBok"]
[Result "0-1"]
[WhiteElo "2438"]
[BlackElo "2626"]
[TimeControl "180+2"]
[EndTime "13:59:13 PST"]
[Termination "GMBenjaminBok won on time"]

1. d4 Nf6 2. Nf3 g6 3. Bg5 Bg7 4. Nbd2 O-O 5. e4 d5 6. exd5 Nxd5 7. c3 Bf5 8. Bc4 c6 9. O-O Nd7 10. Re1 N7b6 11. Bf1 Re8 12. Ne4 Qc7 13. Bh4 Nd7 14.
Bg3 Qb6 15. Qb3 a5 16. Qxb6 N5xb6 17. Ne5 Nxe5 18. Bxe5 Bxe5 19. dxe5 Bxe4 20. Rxe4 Red8 21. Rae1 Rd2 22. R1e2 Rad8 23. f4 Rd1 24. Re1 R8d2 25. Rxd1 Rxd1 26. Kf2 e6 27. Rd4 Rb1 28. Rd2 Na4 29.
Rd8+ Kg7 30. b3 Nxc3 31. Rd7 Ne4+ 32. Ke3 Nc5 33. Bd3 Rd1 34. Rd4 Rxd3+ 35. Rxd3 Nxd3 36. Kxd3 Kf8 37. Kc4 b6 38. a4 Ke7 39. g4 Kd7 40. h3 Kc7 41. Kd4 h6 42. Ke4 b5 43.
f5 g5 44. Kd4 Kb6 0-1

[Event "***Titled Tuesday 3|2 Blitz"]
[Site "Chess.com"]
[Date "2017.02.07"]
[Round "4"]
[White "gumersindo"]
[Black "Rozum_Ivan"]
[Result "0-1"]
[WhiteElo "2348"]
[BlackElo "2560"]
[TimeControl "180+2"]
[EndTime "13:59:13 PST"]
[Termination "Rozum_Ivan won by resignation"]

1. d4 Nf6 2. c4 e6 3. Nc3 d5 4.
cxd5 exd5 5. Bg5 Be7 6. e3 c6 7.
Bd3 Nbd7 8. Qc2 Nh5 9. Bxe7 Qxe7 10. Nf3 Nb6 11. O-O Bg4 12. Ne5 Be6 13. a4 a5 14.
Rae1 Nf6 15. f3 Nbd7 16. f4 g6 17. e4 dxe4 18. Nxe4 Nxe4 19. Bxe4 Nxe5 20. dxe5 Qb4 21. Re3 O-O-O 22. Rc3 Rd4 23. Re1 Rhd8 24. h3 Rd2 25. Qc1 Qxb2 26. Qxb2 Rxb2 27. Rc5 Rdd2 28. Rxa5 Bd5 29.
Bxd5 cxd5 30. e6 Rxg2+ 31. Kh1 Rh2+ 32. Kg1 fxe6 33. Rxe6 Rbg2+ 34. Kf1 Rd2 35. Kg1 Rhg2+ 36. Kh1 Rgf2 37. Kg1 Rxf4 38. Re7 Kb8 39. Rb5 Rc4 40. Rbxb7+ Kc8 41. Kf1 Rc1+ 42. Re1 Rxe1+ 43. Kxe1 Kxb7 44.
Kxd2 g5 45. Kd3 h5 46. Kd4 Kc6 47. a5 h4 48. a6 g4 49. hxg4 h3 50. g5 h2 51. g6 h1=Q 0-1

[Event "***Titled Tuesday 3|2 Blitz"]
[Site "Chess.com"]
[Date "2017.02.07"]
[Round "4"]
[White "FMchesstrainer"]
[Black "stefanodinn"]
[Result "0-1"]
[WhiteElo "2361"]
[BlackElo "2238"]
[TimeControl "180+2"]
[EndTime "13:59:25 PST"]
[Termination "stefanodinn won on time"]

1. d4 Nf6 2. Bg5 c5 3. d5 Qb6 4. Nc3 Qxb2 5. Bd2 Qb6 6. e4 d6 7.
f4 g6 8. e5 dxe5 9. fxe5 Ng4 10. Nf3 Bg7 11. Bb5+ Bd7 12. Qe2 Bxb5 13. Nxb5 O-O 14.
O-O c4+ 15. Kh1 Qxb5 16. Rab1 Qxd5 17. Bc3 Nc6 18. Rxb7 Rab8 19. Rc7 Rfc8 20. Rxc8+ Rxc8 21. h3 Ngxe5 22. Rd1 Qe6 23. Ng5 Qf5 24. Ne4 h5 25.
Rf1 Qd7 26. Rd1 Qe8 27. Rf1 Rd8 28. Ng5 Bf6 29. Ne4 Bg7 30. Ng5 e6 31. Qf2 Qe7 32. Ne4 f5 33. Nc5 Nf7 34. Bxg7 Kxg7 35. Re1 e5 36.
Qe2 Qxc5 0-1

[Event "***Titled Tuesday 3|2 Blitz"]
[Site "Chess.com"]
[Date "2017.02.07"]
[Round "4"]
[White "MasterLeif"]
[Black "MumLookatMeNow"]
[Result "0-1"]
[WhiteElo "2352"]
[BlackElo "2263"]
[TimeControl "180+2"]
[EndTime "13:59:26 PST"]
[Termination "MumLookatMeNow won by resignation"]

1. e4 c5 2. Nf3 Nc6 3. d4 cxd4 4.
Nxd4 Qb6 5. Nb3 Nf6 6. Nc3 e6 7. Be3 Qc7 8. f4 Bb4 9. Bd3 Bxc3+ 10.
bxc3 d6 11. O-O O-O 12. Qe1 e5 13. Qh4 exf4 14. Bxf4 Ne5 15. Bd2 Re8 16. Nd4 Ng6 17. Qg3 Nxe4 18. Bxe4 Rxe4 19. Rae1 Rxe1 20. Rxe1 Bd7 21.
h4 Re8 22. Rxe8+ Bxe8 23. h5 Ne5 24. Nf5 g6 25. Nh6+ Kf8 26. Ng4 Qc5+ 27. Be3 Qd5 28.
Nxe5 dxe5 29. hxg6 hxg6 30. Bxa7 Bc6 31. Bb8 Qd1+ 32.
Kh2 Qh5+ 33. Kg1 f6 34. Bd6+ Kf7 35. Bc5 Qd1+ 36. Kh2 Qxc2 37. a3 Qe4 38. Bb4 Ke6 39. Kg1 g5 40. Qf2 g4 41. Qd2 Kf5 42. Kh2 Kg6 43.
Kg1 g3 44. Kf1 Bb5+ 45. Kg1 Qb1+ 0-1

[Event "***Titled Tuesday 3|2 Blitz"]
[Site "Chess.com"]
[Date "2017.02.07"]
[Round "4"]
[White "mrkvoz"]
[Black "kleinebeer98"]
[Result "0-1"]
[WhiteElo "2613"]
[BlackElo "2494"]
[TimeControl "180+2"]
[EndTime "13:59:28 PST"]
[Termination "kleinebeer98 won by checkmate"]

1. e4 e5 2. Nf3 Nc6 3. Bb5 f5 4.
d3 fxe4 5. dxe4 Nf6 6. O-O d6 7. Nc3 Be7 8. Qd3 O-O 9. Qc4+ Kh8 10. Bxc6 bxc6 11. Qxc6 Rb8 12. h3 Rb4 13. Nd5 Nxd5 14. Qxd5 Bb7 15. Qa5 Rxe4 16. Qxa7 Bc6 17. Qa6 Qd7 18.
Qd3 Rb4 19. Nd2 Rh4 20. c4 Rf6 21. Kh2 Rg6 22. Rg1 Qg4 23. Qg3 Qh5 24. Qb3 Rf6 25. f3 e4 26. fxe4 Qe5+ 27. Qg3 Qh5 28. Rf1 Rxf1 29.
Nxf1 Bf6 30. Qf3 Qe5+ 31. Kg1 Bxe4 32. Qf2 Qh5 33. Be3 Qg6 34. Qg3 Qf5 35. a4 g5 36. a5 g4 37. Qf2 Qg6 38. Bd4 Bxd4 39. Qxd4+ Kg8 40. g3 Rxh3 41. Qe3 Rh1+ 42. Kf2 Qf6+ 43.
Ke1 Rxf1+ 44. Kd2 Qxb2# 0-1

[Event "***Titled Tuesday 3|2 Blitz"]
[Site "Chess.com"]
[Date "2017.02.07"]
[Round "4"]
[White "JeremDev"]
[Black "filali-oujda"]
[Result "1-0"]
[WhiteElo "2120"]
[BlackElo "2169"]
[TimeControl "180+2"]
[EndTime "13:59:31 PST"]
[Termination "JeremDev won on time"]

1. e4 c6 2. d4 d5 3. e5 c5 4. dxc5 Nc6 5. Nf3 e6 6. a3 Bxc5 7. Bd3 Qc7 8. Qe2 Nge7 9. O-O Ng6 10. Re1 a6 11. h4 b5 12. h5 Nge7 13. b4 Bb6 14. Bb2 Bb7 15. Nbd2 g6 16. h6 Nf5 17.
Bxf5 gxf5 18. Nb3 Rg8 19. Nbd4 Rg4 20. Rad1 Ne7 21. Rd3 Ng6 22. Rc3 Qe7 23. Nxb5 Nf4 24. Nd6+ Kf8 25. Qf1 Nh3+ 26. Kh2 Nxf2 27. Rce3 Rh4+ 28.
Nxh4 Qxh4+ 29. Rh3 Nxh3 30. gxh3 Bf2 31. Nxb7 Qg3+ 32.
Kh1 Bxe1 33. Bd4 f4 34. Qd3 Qxh3+ 35. Qxh3 Rc8 36. Bc5+ 1-0